 Dungeon Crawl Stone Soup version 0.28.0-47-ge53b351184 (webtiles) character file.

Game seed: 9461923952141142948

16681 NinjaNoafa the Grappler (level 12, -25/118 HPs)
             Began as a Troll Fighter on May 6, 2022.
             Was a Priest of Fedhas.
             Shot with an arrow by a centaur warrior (27 damage)
             ... on level 12 of the Dungeon.
             The game lasted 00:19:33 (9186 turns).

NinjaNoafa the Grappler (Troll Fighter)             Turns: 9186, Time: 00:19:33

Health: -25/118    AC:  7    Str: 33    XL:     12   Next: 12%
Magic:  11/14      EV: 15    Int:  4    God:    Fedhas [***...]
Gold:   770        SH: 10    Dex: 13    Spells: 11/11 levels left

rFire   . . .      SeeInvis .     - Unarmed
rCold   + . .      Faith    .   b - +0 kite shield
rNeg    . . .      Spirit   .   x - +0 troll leather armour
rPois   .          Reflect  .   (helmet restricted)
rElec   .          Harm     .   f - +0 cloak
rCorr   .          Rampage  .   (gloves unavailable)
Will    .....                   (boots unavailable)
Stlth   +.........              E - amulet of regeneration
HPRegen 2.69/turn               w - +4 ring of evasion
MPRegen 0.14/turn               l - +6 ring of strength

@: no status effects
A: large, unfitting armour, claws 3, regeneration 1, shaggy fur 1, tough skin 1,
talons 1, cold resistance 1, low MP 1
a: Renounce Religion, Wall of Briars, Grow Ballistomycete


You were on level 12 of the Dungeon.
You worshipped Fedhas.
Fedhas was most pleased with you.
You visited 1 branch of the dungeon, and saw 12 of its levels.
You also visited: Sewer.

You collected 770 gold pieces.

Inventory:

Missiles
 q - 14 boomerangs (quivered)
Armour
 b - a +0 kite shield (worn)
 f - a +0 cloak (worn)
 x - a +0 troll leather armour (worn)
Jewellery
 e - a ring of protection from cold
 i - a +4 ring of evasion
 l - a +6 ring of strength (right claw)
 t - a ring of protection from cold
 w - a +4 ring of evasion (left claw)
 C - a +6 ring of intelligence
 D - a ring of ice
 E - an amulet of regeneration (around neck)
 G - a +4 ring of protection
Wands
 g - a wand of flame (11)
Scrolls
 a - a scroll of noise
 j - 5 scrolls of vulnerability
 m - 2 scrolls of fear
 n - 2 scrolls of torment
 o - a scroll of immolation
 r - a scroll of enchant weapon
 v - 4 scrolls of identify
 A - 2 scrolls of holy word
 I - a scroll of fog
Potions
 c - 2 potions of flight
 d - 2 potions of resistance
 k - a potion of haste
 s - a potion of curing
 u - a potion of brilliance


   Skills:
 + Level 7.5 Fighting
 - Level 3.0 Armour
 + Level 8.0 Dodging
 + Level 7.5 Shields
 + Level 10.1 Unarmed Combat
 + Level 7.4 Invocations


You had 11 spell levels left.
You didn't know any spells.
Your spell library contained the following spells:

 Spells                   Type           Power      Damage    Failure   Level
 Animate Skeleton         Necr           0%         N/A       78%         1
 Foxfire                  Conj/Fire      0%         2x1d4     78%         1
 Freeze                   Ice            0%         1d3       78%         1
 Pain                     Necr           0%         1d4       78%         1
 Shock                    Conj/Air       0%         1d3       78%         1
 Summon Small Mammal      Summ           0%         N/A       78%         1
 Ensorcelled Hibernation  Hex/Ice        0%         N/A       89%         2
 Passwall                 Tmut/Erth      0%         N/A       89%         2
 Sublimation of Blood     Necr           0%         N/A       89%         2
 Call Canine Familiar     Summ           0%         N/A       98%         3
 Conjure Flame            Conj/Fire      0%         6-21      98%         3
 Inner Flame              Hex/Fire       0%         N/A       98%         3
 Summon Guardian Golem    Hex/Summ       0%         N/A       98%         3
 Swiftness                Air            0%         N/A       98%         3
 Tukima's Dance           Hex            0%         N/A       98%         3
 Vampiric Draining        Necr           0%         2d6       98%         3
 Airstrike                Air            0%         N/A       100%        4
 Flame Wave               Conj/Fire      0%         2d4       100%        4
 Passage of Golubria      Tloc           0%         N/A       100%        4
 Silence                  Hex/Air        0%         N/A       100%        5
 Yara's Violent Unravell  Hex/Tmut       0%         3d3       100%        5
 Lehudib's Crystal Spear  Conj/Erth      0%         10d2      100%        8


Dungeon Overview and Level Annotations

Branches:
Dungeon (12/15)            Temple (0/1) D:7            Lair (0/6) D:10
    Orc (0/2) D:11          Sewer (visited)

Altars:
Elyvilon
Fedhas
Hepliaklqana
Kikubaaqudgha
Makhleb
Nemelex Xobeh
Okawaru
Sif Muna
Trog
Xom
Yredelemnul
Zin

Shops:
D:11 (

Portals:
Trove: D:10 (show slimy rune of Zot)


Innate Abilities, Weirdness & Mutations

You are too large for most types of armour.
You have claws for hands.
Your natural rate of healing is unusually fast.
You are covered in fur. (AC +1)
You have tough skin. (AC +1)
You have sharp toenails.
Your flesh is cold resistant. (rC+)
Your magical capacity is low. (-10% MP)


Message History

The explosion of spores engulfs the nine-headed hydra!!
The nine-headed hydra is heavily wounded.
Fedhas protects your plant from harm. The nine-headed hydra bites you.
You block the nine-headed hydra's attack.
The nine-headed hydra closely misses you.
The nine-headed hydra bites you!
The nine-headed hydra barely misses you.
The nine-headed hydra bites you! x2
You block the nine-headed hydra's attack.
The nine-headed hydra bites you but does no damage.
You hear a shout!
You rip one of the nine-headed hydra's heads off!
The eight-headed hydra grows two more!
You mangle the ten-headed hydra!! Your kick misses the ten-headed hydra.
The ten-headed hydra is severely wounded.
You claw one of the ten-headed hydra's heads off!
The nine-headed hydra grows two more!
You mangle the 11-headed hydra!! You claw the 11-headed hydra.
The 11-headed hydra is almost dead.
You block the 11-headed hydra's attack. The 11-headed hydra closely misses you.
The 11-headed hydra bites you! The 11-headed hydra barely misses you.
The 11-headed hydra bites you!
The 11-headed hydra bites you but does no damage.
The 11-headed hydra bites you. You block the 11-headed hydra's attack.
The 11-headed hydra bites you. The 11-headed hydra misses you.
The 11-headed hydra bites you!
A centaur warrior opens the door.
You claw one of the 11-headed hydra's heads off!
The ten-headed hydra grows two more!
You claw the 12-headed hydra! x2
You kill the 12-headed hydra!
Fedhas appreciates your contribution to the ecosystem.
The centaur warrior wields a +0 shortbow.
The centaur warrior shoots an arrow.
The arrow barely misses you.
The centaur warrior shoots an arrow.
The arrow hits you!!
* * * LOW HITPOINT WARNING * * *
The centaur warrior shoots an arrow.
The arrow hits you!!
* * * LOW HITPOINT WARNING * * *
The centaur warrior shoots an arrow.
The arrow hits you!!
You die...
Fedhas appreciates your contribution to the ecosystem.

##..+ +..## #...# #...#
##.#.## ##.#.##
###..#..#####..#..###
#####[..##........##....#
...#......##........##......
........###.8.###8###.8.###.
...#.........##........##...
#####...@##........##...#
###..#..#####..#..###
##.#.##(..##)#.## .#
#.†.#.....#†..# ...#
##.P'†....+..## #...#
#'##.....##+# #...#
.c##...## +####...# ...##'##
........# ...#...#


You could see a centaur warrior.

Vanquished Creatures
  3 boulder beetles (D:11)
  A hydra (D:12)
  4 two-headed ogres
  A necromancer (D:10)
  Pikel (D:7)
  2 manticores
  Joseph (D:7)
  A gargoyle (D:12)
  A komodo dragon (D:10)
  2 guardian mummies (D:10)
  A red devil (D:12)
  5 trolls
  A meliai zombie (D:10)
  Sigmund (D:2)
  3 wyverns
  12 yaks
  3 wraiths
  A steam dragon (D:8)
  An acid dragon (D:12)
  2 water moccasins
  Duvessa (D:7)
  A hornet zombie (D:9)
  2 black bears (D:6)
  4 orc warriors
  An ogre (D:5)
  3 necrophages
  3 centaurs
  A phantom (D:4)
  A kobold brigand (D:7)
  5 scorpions
  Dowan (D:7)
  7 killer bees
  4 wights (D:9)
  A howler monkey (D:6)
  A bullfrog zombie (D:6)
  3 centaur zombies
  2 bullfrog skeletons
  A jelly (D:7)
  5 orc priests
  7 iguanas
  A merfolk siren (Sewer)
  13 orc wizards
  3 yak simulacra (D:10)
  A polar bear simulacrum (D:10)
  A merfolk avatar (Sewer)
  4 wolf simulacra (D:10)
  2 gnolls (D:7)
  8 adders
  3 river rats (Sewer)
  A shadow imp (D:8)
  An ufetubus (D:7)
  An adder skeleton (D:4)
  2 worms (D:2)
  2 dart slugs (D:2)
  29 orcs
  4 ball pythons
  4 bats
  6 endoplasms
  5 giant cockroaches
  6 goblins
  6 hobgoblins
  11 kobolds
  5 quokkas
  5 frilled lizards
  22 rats
  3 river rat simulacra (D:10)
  A butterfly (D:7)
251 creatures vanquished.

Vanquished Creatures (collateral kills)
  A ballistomycete spore (D:12)
1 creature vanquished.

Vanquished Creatures (others)
  An orc wizard (D:11)
  6 plants
7 creatures vanquished.

Grand Total: 259 creatures vanquished

Notes
Turn   | Place    | Note
-------+----------+-------------------------------------------
     0 | D:1      | NinjaNoafa the Troll Fighter began the quest for the Orb.
     0 | D:1      | Reached XP level 1. HP: 22/22 MP: 0/0
   166 | D:1      | Reached XP level 2. HP: 29/29 MP: 1/1
   552 | D:2      | Noticed Sigmund
   563 | D:2      | Killed Sigmund
   564 | D:2      | Reached skill level 3 in Unarmed Combat
   564 | D:2      | Reached XP level 3. HP: 13/37 MP: 2/2
   564 | D:2      | Reached XP level 4. HP: 16/45 MP: 3/3
   564 | D:2      | Reached XP level 5. HP: 18/53 MP: 4/4
  1160 | D:2      | Reached skill level 4 in Unarmed Combat
  1583 | D:3      | Reached XP level 6. HP: 61/61 MP: 5/5
  1723 | D:3      | Found a hazy altar of Hepliaklqana.
  1899 | D:4      | Found a glowing silver altar of Zin.
  1899 | D:4      | Noticed an angel
  1958 | D:4      | Found a glowing drain.
  1963 | Sewer    | Entered a sewer
  2713 | D:4      | Reached skill level 5 in Unarmed Combat
  2713 | D:4      | Reached XP level 7. HP: 64/65 MP: 6/6
  3113 | D:5      | Entered Level 5 of the Dungeon
  3258 | D:5      | Identified the +2 leather armour of Daffodils {rF+ Int+4}
  3466 | D:5      | Reached skill level 6 in Unarmed Combat
  3472 | D:5      | Reached XP level 8. HP: 78/78 MP: 7/7
  3793 | D:6      | Found an ancient bone altar of Kikubaaqudgha.
  3944 | D:6      | Found a shimmering altar of Xom.
  4030 | D:6      | Reached skill level 7 in Unarmed Combat
  4030 | D:6      | Found a blossoming altar of Fedhas.
  4516 | D:7      | Reached skill level 5 in Dodging
  4516 | D:7      | Reached skill level 5 in Shields
  4553 | D:6      | Became a worshipper of Fedhas Madash
  4624 | D:7      | Reached skill level 5 in Fighting
  4624 | D:7      | Reached XP level 9. HP: 74/88 MP: 8/8
  4636 | D:7      | Identified the +0 whip of an ossuary {spect, Str+3}
  4651 | D:7      | Found a sparkling altar of Nemelex Xobeh.
  4692 | D:7      | Found an iron altar of Okawaru.
  4804 | D:7      | Noticed Pikel
  4812 | D:7      | Killed Pikel
  4960 | D:7      | Found a white marble altar of Elyvilon.
  4976 | D:7      | Got Mavirer's Guide on Cold and Darkness
  5029 | D:7      | Noticed Joseph
  5030 | D:7      | Noticed Duvessa
  5030 | D:7      | Noticed Dowan
  5138 | D:7      | Killed Duvessa
  5147 | D:7      | Killed Joseph
  5148 | D:7      | Reached skill level 8 in Unarmed Combat
  5153 | D:7      | Killed Dowan
  5274 | D:7      | Reached skill level 1 in Invocations
  5341 | D:7      | Found a staircase to the Ecumenical Temple.
  5439 | D:8      | Reached * piety under Fedhas
  5627 | D:8      | Noticed a troll
  5678 | D:8      | Killed a troll
  6434 | D:9      | Reached XP level 10. HP: 91/96 MP: 12/12
  6467 | D:9      | Reached skill level 5 in Invocations
  6474 | D:9      | Reached skill level 1 in Armour
  6641 | D:9      | Gained mutation: You have sharp toenails. [potion of
                  | mutation]
  6641 | D:9      | Gained mutation: Your magical capacity is low. (-10% MP)
                  | [potion of mutation]
  6641 | D:9      | Gained mutation: Your spells are a little harder to cast,
                  | but a little more powerful. [potion of mutation]
  6690 | D:9      | Found a burning altar of Makhleb.
  6872 | D:9      | Found a shimmering blue altar of Sif Muna.
  6969 | D:9      | Found a bloodstained altar of Trog.
  7092 | D:10     | Entered Level 10 of the Dungeon
  7166 | D:10     | Noticed a manticore
  7172 | D:10     | Killed a manticore
  7179 | D:10     | Reached ** piety under Fedhas
  7199 | D:10     | Found a staircase to the Lair.
  7230 | D:10     | Found a portal to a secret trove of treasure.
  7297 | D:10     | Noticed a two-headed ogre
  7305 | D:10     | Killed a two-headed ogre
  7436 | D:10     | Noticed a necromancer
  7442 | D:10     | Killed a necromancer
  7443 | D:10     | Reached skill level 9 in Unarmed Combat
  7443 | D:10     | Reached XP level 11. HP: 106/106 MP: 12/12
  7505 | D:10     | Noticed a two-headed ogre
  7510 | D:10     | Killed a two-headed ogre
  7574 | D:10     | Found a basalt altar of Yredelemnul.
  8077 | D:11     | Noticed a boulder beetle
  8109 | D:11     | Killed a boulder beetle
  8151 | D:11     | Lost mutation: Your spells are a little harder to cast, but
                  | a little more powerful. [potion of mutation]
  8151 | D:11     | Lost mutation: You have sharp toenails. [potion of
                  | mutation]
  8151 | D:11     | Gained mutation: You have sharp toenails. [potion of
                  | mutation]
  8151 | D:11     | Gained mutation: Your flesh is cold resistant. (rC+)
                  | [potion of mutation]
  8236 | D:11     | Noticed a boulder beetle
  8237 | D:11     | Found a staircase to the Orcish Mines.
  8258 | D:11     | Killed a boulder beetle
  8288 | D:11     | Found Selugrozam's Weapon Shop.
  8352 | D:11     | Reached *** piety under Fedhas
  8367 | D:11     | Noticed a boulder beetle
  8385 | D:11     | Killed a boulder beetle
  8422 | D:11     | Noticed a two-headed ogre
  8431 | D:11     | Killed a two-headed ogre
  8486 | D:11     | Noticed a two-headed ogre
  8491 | D:11     | Killed a two-headed ogre
  8837 | D:12     | Reached skill level 10 in Unarmed Combat
  9042 | D:12     | Reached XP level 12. HP: 110/118 MP: 14/14
  9123 | D:12     | Noticed an eight-headed hydra
  9184 | D:12     | Noticed a centaur warrior
  9184 | D:12     | Killed a 12-headed hydra
  9186 | D:12     | HP: 2/118 [centaur warrior/arrow (23)]
  9186 | D:12     | Shot with an arrow by a centaur warrior

Illustrated notes

Levels and vault maps discovered:
D:1:      minmay_arrival_up_and_down, layout_basic, minmay_misc_feat_pillars
D:2:      layout_basic, uniq_sigmund
D:3:      layout_basic, worldfamousw_hep_ancestral_shrine
D:4:      layout_loops_corners, zin_angel, portal_sewer_entry_e,
          kennysheep_generic_room_5
D:5:      layout_loops_ring
D:6:      layout_basic, general_overflow_altar, fedhas_bush_and_centaur_altar,
          mainiacjoe_overflow_alcove_2, serial_bayou, serial_bayou_pond_e,
          serial_bayou_crossing, serial_bayou_pond_a, serial_bayou_pond_d,
          hangedman_abyss_or_decor_slice, kennysheep_generic_room_2
D:7:      layout_basic, okawaru_altar_gauntlet_db, mainiacjoe_overflow_brackets,
          nemelex_xobeh_ov_fountains_minmay, minmay_temple_entry_butterflies,
          corexii_hall_statues_u, minmay_diced_spiral, uniq_duvessa, uniq_pikel,
          uniq_joseph
D:8:      layout_basic
D:9:      layout_long_grid, tgw_sif, mainiacjoe_overflow_paths, trog_book,
          hangedman_abyss_or_decor_stagger
D:10:     layout_small_grid, kennysheep_little_box, david_lair_shrubbed,
          nicolae_trove_entry_path_of_doom, corexii_hall_statues_l,
          eino_house_with_fridge
D:11:     layout_loops_ring, orc_david_3, minmay_fractal_squares_gapless_5
D:12:     minmay_box_of_curves, layout_irregular_city,
          einodemon_armed_red_devil_minivault, uniq_josephine

Skill      XL: |  1  2  3  4  5  6  7  8  9 10 11 12 |
---------------+-------------------------------------+-----
Fighting       | 3 4 5 6 7 |  7.5
Dodging        | 3 4 5 6 7 8 |  8.0
Shields        | 3 4 5 6 7 |  7.5
Unarmed Combat | 3 4 5 6 7 8 9 10 | 10.1
Invocations    | 4 6 7 |  7.4
Armour         | 3 |  3.0

Action                   |  1- 3 |  4- 6 |  7- 9 | 10-12 || total
-------------------------+-------+-------+-------+-------++-------
Melee: Unarmed           |    44 |   187 |   238 |   308 ||   777
       Kick              |       |       |       |    96 ||    96
Throw: Boomerang         |       |       |    33 |    15 ||    48
       Dart              |       |       |     5 |    16 ||    21
       Throwing net      |       |       |       |     2 ||     2
Invok: Wall of Briars    |       |       |       |     1 ||     1
       Grow Ballistomyce |       |       |       |     1 ||     1
Evoke: Wand              |       |       |     9 |    14 ||    23
  Use: Potion            |     5 |     4 |     8 |     8 ||    25
       Scroll            |       |       |     9 |     9 ||    18
 Stab: Sleeping          |       |     3 |       |       ||     3
Armor: Robe              |    16 |    39 |    37 |       ||    92
       Skin              |       |       |     7 |       ||     7
       Troll leather arm |       |       |     6 |    76 ||    82
Dodge: Dodged            |    10 |   108 |   139 |   239 ||   496
Block: Kite shield       |    20 |    77 |   127 |   189 ||   413
